 Dungeon Crawl Stone Soup version 0.29.1-12-g30fa7ad0bf (webtiles) character file.

Game seed: 2771158244965881607

758 Descartes the Shield-Bearer (level 8, -1/58 HPs)
             Began as a Formicid Fighter on Dec 14, 2022.
             Was a Believer of Nemelex Xobeh.
             Slain by a komodo dragon (20 damage)
             ... on level 5 of the Dungeon.
             The game lasted 00:10:31 (4626 turns).

Descartes the Shield-Bearer (Formicid Fighter)      Turns: 4626, Time: 00:10:33

Health: -1/58      AC:  5    Str: 22    XL:     8   Next: 7%
Magic:  10/10      EV:  5    Int:  9    God:    Nemelex Xobeh [**....]
Gold:   196        SH: 14    Dex: 13    Spells: 7/7 levels left

rFire   + . .      SeeInvis +   a - +0 war axe
rCold   + . .      Faith    .   m - +0 tower shield
rNeg    . . .      Spirit   .   q - +0 chain mail
rPois   .          Reflect  .   (helmet unavailable)
rElec   .          Harm     .   l - scarf {rC+ rF+}
rCorr   .          Rampage  .   (no gloves)
Will    .....                   (no boots)
Stlth   ..........              x - amulet of regeneration
HPRegen 0.99/turn               (no ring)
MPRegen 0.12/turn               (no ring)

@: corroded
A: permanent stasis, dig shafts and tunnels, antennae 3, four strong arms
a: Dig, Shaft Self, Renounce Religion, Draw Escape, Draw Destruction, Draw
Summoning


You were on level 5 of the Dungeon.
You worshipped Nemelex Xobeh.
Nemelex Xobeh was pleased with you.
You visited 1 branch of the dungeon, and saw 5 of its levels.

You collected 196 gold pieces.

Inventory:

Hand Weapons
 a - a +0 war axe (weapon)
 t - a +4 flail of holy wrath
Missiles
 c - 3 poisoned darts
Armour
 l - a scarf of resistance (worn)
 m - a +0 tower shield (worn)
 q - a +0 chain mail (worn)
Jewellery
 x - an amulet of regeneration (around neck)
Wands
 w - a wand of acid (5)
Scrolls
 b - 2 scrolls of noise {unknown}
 e - 2 scrolls of identify {unknown}
 f - a scroll of fog {unknown}
 g - a scroll of brand weapon {unknown}
 h - 2 scrolls of fear {unknown}
 i - 2 scrolls of teleportation {unknown}
 k - a scroll of vulnerability {unknown}
 o - a scroll of blinking {unknown}
Potions
 d - a potion of might
 j - 2 potions of attraction {unknown}
 n - 2 potions of curing {unknown}
 p - a potion of magic {unknown}
 r - 2 potions of haste {unknown}
 s - a potion of cancellation {unknown}
 u - 2 potions of mutation {unknown}
 v - a potion of berserk rage {unknown}


   Skills:
 - Level 3.2 Fighting
 + Level 4.3 Axes
 + Level 5.4 Armour
 + Level 6.7 Shields
 + Level 4.4 Poison Magic
 + Level 3.3 Invocations


You had 7 spell levels left.
You didn't know any spells.
Your spell library contained the following spells:

 Spells                   Type           Power      Damage    Failure   Level
 Call Canine Familiar     Summ           0%         N/A       100%        3
 Ignite Poison            Fire/Tmut/Pois 2%         N/A       100%        3
 Mephitic Cloud           Conj/Pois/Air  2%         N/A       100%        3
 Ozocubu's Armour         Ice            0%         N/A       100%        3
 Portal Projectile        Hex/Tloc       0%         N/A       100%        3
 Leda's Liquefaction      Hex/Erth       0%         N/A       100%        4
 Freezing Cloud           Conj/Ice/Air   0%         6-21      100%        5
 Metabolic Englaciation   Hex/Ice        0%         N/A       100%        5
 Simulacrum               Ice/Necr       0%         N/A       100%        6
 Chain Lightning          Conj/Air       0%         N/A       100%        9
 Fire Storm               Conj/Fire      0%         5d1       100%        9
 Shatter                  Erth           0%         3d5*      100%        9


Dungeon Overview and Level Annotations

Branches:
Dungeon (5/15)
 Temple: D:4-7

Altars:
Ashenzari
Nemelex Xobeh
Wu Jian
Xom
The Shining One

Shops:
D:4 =


Innate Abilities, Weirdness & Mutations

You cannot be hasted, slowed, berserked, paralysed or teleported.
You can dig through walls and to a lower floor.
You have a pair of large antennae on your head. (SInv)
Your four strong arms can wield two-handed weapons with a shield.


Message History

You destroy the phantom!
You have reached level 8!
You feel stronger.
Found a shimmering altar of Xom.
The orc shouts!
You hear an angry growl.
The acid dragon roars!
The howler monkey howls!
The komodo dragon hisses menacingly.
There is a transporter here.
A gnoll is nearby!
There is a transporter here.
You enter the transporter and appear at another place.
The gnoll shouts!
You block the komodo dragon's attack. The orc attacks as you move away!
You block the orc's attack.
The komodo dragon attacks as you move away!
You block the komodo dragon's attack.
The orc throws a stone.
The stone hits you.
The komodo dragon attacks as you move away!
You block the komodo dragon's attack.
The komodo dragon attacks as you move away!
The komodo dragon bites you! The acid dragon spits acid at you.
The splash of acid hits you!! The acid corrodes you!
You block the orc's attack.
The howler monkey attacks as you move away!
You block the howler monkey's attack.
There is a transporter here.
You enter the transporter and appear at another place.
You block the orc's attack. You block the black bear's attack.
The black bear claws you. You block the black bear's attack.
The howler monkey hits you but does no damage.
The komodo dragon bites you.
You draw a card...
You have drawn Exile.
The orc hits you but does no damage. You block the black bear's attack.
The black bear claws you but does no damage.
You block the black bear's attack. The howler monkey barely misses you.
The komodo dragon bites you!!
You die...
Your body glows slightly and disappears.

############# ##...........##
#..#########..# #.##.......##.#
#.#8.......8#.#
######.#.........#.####
#.....o#.!.......#.....
#....l@#_$....©..#©....
#....hh#.!..D....#.....
###########.##+#.#$!..D....#.....
.................#8.......8#.####
...........#.....##...§...##.....
...........#......#########......
...........######........g.......
##....######....#................
.#.>..#.........#......######'###


You could see a komodo dragon, a steam dragon, a black bear, an acid dragon, a
howler monkey and an orc.

Vanquished Creatures
  Sigmund (D:3)
  Edmund (D:4)
  2 phantoms
  2 hounds
  An iguana (D:5)
  Jessica (D:2)
  Natasha (D:2)
  An orc wizard (D:3)
  3 gnolls (D:5)
  6 adders
  2 white imps (D:5)
  A worm (D:2)
  A dart slug (D:4)
  4 orcs
  6 ball pythons
  2 bats
  2 endoplasms
  3 giant cockroaches (D:1)
  7 goblins
  7 hobgoblins
  2 jackals (D:1)
  5 kobolds
  3 quokkas
  3 frilled lizards (D:2)
  3 rats (D:1)
70 creatures vanquished.

Vanquished Creatures (collateral kills)
  An adder (D:2)
1 creature vanquished.

Vanquished Creatures (others)
  3 fungi (D:5)
3 creatures vanquished.

Grand Total: 74 creatures vanquished

Notes
Turn   | Place    | Note
-------+----------+-------------------------------------------
     0 | D:1      | Descartes the Formicid Fighter began the quest for the Orb.
     0 | D:1      | Reached XP level 1. HP: 18/18 MP: 1/1
    69 | D:1      | Reached XP level 2. HP: 21/24 MP: 2/2
   239 | D:1      | Found a faded altar of an unknown god.
   533 | D:1      | Reached XP level 3. HP: 29/29 MP: 3/3
  1067 | D:1      | Prayed at the altar of an unknown god.
  1067 | D:1      | Became a worshipper of Nemelex Xobeh the Trickster
  1067 | D:1      | Reached * piety under Nemelex Xobeh
  1113 | D:2      | Received a gift from Nemelex Xobeh
  1329 | D:2      | Reached XP level 4. HP: 30/35 MP: 4/4
  1344 | D:2      | Reached skill level 1 in Poison Magic
  1518 | D:2      | Noticed Jessica
  1526 | D:2      | Killed Jessica
  1527 | D:2      | Reached skill level 5 in Shields
  1955 | D:2      | Noticed Natasha
  1969 | D:2      | Killed Natasha
  1970 | D:2      | Reached XP level 5. HP: 14/41 MP: 5/5
  2391 | D:3      | Noticed a phantom
  2402 | D:3      | Killed a phantom
  2403 | D:3      | Reached skill level 1 in Invocations
  2403 | D:3      | Reached XP level 6. HP: 33/47 MP: 6/6
  2517 | D:3      | Found a glowing golden altar of the Shining One.
  2551 | D:3      | Reached ** piety under Nemelex Xobeh
  2552 | D:3      | Noticed Sigmund
  2557 | D:3      | Killed Sigmund
  2639 | D:3      | Reached XP level 7. HP: 51/52 MP: 8/8
  2792 | D:3      | Reached skill level 6 in Shields
  2830 | D:3      | Received a gift from Nemelex Xobeh
  3160 | D:4      | Found Vutun's Jewellery Emporium.
  3562 | D:4      | Found an ornate altar of the Wu Jian Council.
  3592 | D:4      | Noticed Edmund
  3597 | D:4      | Killed Edmund
  3598 | D:4      | Reached skill level 5 in Armour
  3889 | D:5      | Entered Level 5 of the Dungeon
  4029 | D:5      | Noticed a komodo dragon
  4030 | D:5      | Found a transporter.
  4031 | D:5      | Found a transporter.
  4031 | D:5      | Noticed an acid dragon
  4031 | D:5      | Noticed a steam dragon
  4467 | D:5      | Received a gift from Nemelex Xobeh
  4479 | D:5      | Found a broken altar of Ashenzari.
  4580 | D:5      | Reached XP level 8. HP: 58/58 MP: 10/10
  4593 | D:5      | Found a shimmering altar of Xom.
  4626 | D:5      | Slain by a komodo dragon

Illustrated notes

Levels and vault maps discovered:
D:1:      lemuel_arrival_rhombus, layout_loops_corners,
          shapermc_ecumenical_altar_mp_highgroup
D:2:      layout_loops_cross, uniq_natasha, uniq_jessica
D:3:      layout_basic, lemuel_tele_altar, uniq_sigmund
D:4:      layout_loops_corners, nicolae_wu_jian_immortal_techniques,
          serial_shops, nicolae_shop_statue_plus, uniq_edmund
D:5:      layout_gridville, gammafunk_temple_overflow_arena,
          ashenzari_conservatory_becter, small_statue_alley_b,
          dreamdust_gnoll_farm

Skill      XL: |  1  2  3  4  5  6  7 |
---------------+----------------------+-----
Armour         | 4 5 |  5.4
Poison Magic   | 2 3 4 |  4.4
Shields        | 5 6 |  6.7
Axes           | 3 4 |  4.3
Invocations    | 1 2 3 |  3.3
Fighting       | |  3.2

Action                   |  1- 3 |  4- 6 |  7- 9 || total
-------------------------+-------+-------+-------++-------
Melee: War axe           |    88 |    63 |    92 ||   243
Invok: Draw Destruction  |     1 |     5 |     5 ||    11
       Draw Summoning    |       |     1 |       ||     1
       Draw Escape       |       |       |     1 ||     1
Armor: Scale mail        |    38 |    21 |     1 ||    60
       Chain mail        |       |       |    62 ||    62
Dodge: Dodged            |    46 |    26 |    24 ||    96
Block: Buckler           |    18 |     3 |       ||    21
       Tower shield      |       |    34 |   105 ||   139
